 Dungeon Crawl Stone Soup version 0.28.0-53-g5a82cb258f (webtiles) character file.

Game seed: 9376782535135493306

2527 Woods the Insei (level 9, -6/68 HPs)
             Began as a Gnoll Transmuter on June 9, 2022.
             Was an Initiate of Ashenzari.
             Succumbed to an orc wizard's poison
             ... on level 7 of the Dungeon.
             The game lasted 00:09:38 (6862 turns).

Woods the Insei (Gnoll Transmuter)                  Turns: 6862, Time: 00:09:39

Health: -6/68      AC:  2    Str: 10    XL:     9   Next: 54%
Magic:  16/19      EV: 23    Int: 17    God:    Ashenzari [......]
Gold:   361        SH:  0    Dex: 17    Spells: 15/21 levels left

rFire   . . .      SeeInvis .     - Unarmed
rCold   . . .      Faith    .   (shield currently unavailable)
rNeg    . . .      Spirit   .   (armour currently unavailable)
rPois   x          Reflect  .   (helmet currently unavailable)
rElec   .          Harm     .   (cloak currently unavailable)
rCorr   .          Rampage  .   (gloves currently unavailable)
Will    .....                   (boots currently unavailable)
Stlth   +++.......              (no amulet)
HPRegen 0.21/turn               (no ring)
MPRegen 0.16/turn               (no ring)

@: lethally poisoned (-6 -> -36), spider-form
A: venomous fangs, tiny, (fangs 1), strong nose, distributed training
a: End Transformation, Renounce Religion


You were on level 7 of the Dungeon.
You worshipped Ashenzari.
Ashenzari was noncommittal.
You were a venomous arachnid creature.
You visited 2 branches of the dungeon, and saw 8 of its levels.

You collected 361 gold pieces.

Inventory:

Armour
 a - a +0 robe (melded)
Jewellery
 c - a +4 ring of protection
 l - a ring of protection from fire
 n - a ring of protection from fire
 A - a +6 ring of intelligence
Wands
 s - a wand of charming (3)
 u - a wand of acid (11)
 x - a wand of polymorph (8)
Scrolls
 b - a scroll of torment {unknown}
 d - 3 scrolls of identify
 e - 2 scrolls of teleportation
 f - 3 scrolls of vulnerability {unknown}
 h - a scroll of enchant weapon {unknown}
 j - 3 scrolls of brand weapon {unknown}
 k - 2 scrolls of magic mapping {unknown}
 m - 3 scrolls of enchant armour {unknown}
 o - 5 scrolls of immolation {unknown}
 q - a scroll of holy word {unknown}
 r - a scroll of summoning {unknown}
 y - 2 scrolls of amnesia {unknown}
 z - 2 scrolls of silence {unknown}
Potions
 i - a potion of magic {unknown}
 p - a potion of berserk rage {unknown}
 t - a potion of attraction {unknown}
 v - a potion of mutation {unknown}
 w - a potion of heal wounds {unknown}
 B - 2 potions of resistance {unknown}


   Skills:
 + Level 5.1 Fighting
 + Level 4.3 Short Blades
 + Level 4.3 Long Blades
 + Level 4.3 Axes
 + Level 4.3 Maces & Flails
 + Level 4.3 Polearms
 + Level 4.3 Staves
 + Level 4.3 Slings
 + Level 4.3 Bows
 + Level 4.3 Crossbows
 + Level 4.3 Throwing
 + Level 4.3 Armour
 + Level 6.4 Dodging
 + Level 4.3 Stealth
 + Level 4.3 Shields
 + Level 7.9 Unarmed Combat
 + Level 6.7 Spellcasting
 + Level 3.6 Conjurations
 + Level 3.6 Hexes
 + Level 3.6 Summonings
 + Level 3.6 Necromancy
 + Level 3.6 Translocations
 + Level 5.3 Transmutations
 + Level 3.6 Fire Magic
 + Level 3.6 Ice Magic
 + Level 3.6 Air Magic
 + Level 3.6 Earth Magic
 + Level 3.6 Poison Magic
 + Level 4.8 Invocations
 + Level 4.3 Evocations


You had 15 spell levels left.
You knew the following spells:

 Your Spells              Type           Power      Damage    Failure   Level
a - Beastly Appendage     Tmut           46%        N/A       6%          1
b - Wereblood             Tmut           23%        N/A       8%          2
c - Spider Form           Tmut/Pois      20%        N/A       17%         3

Your spell library contained the following spells:

 Spells                   Type           Power      Damage    Failure   Level
 Slow                     Hex            68%        N/A       10%         1
 Confusing Touch          Hex            17%        N/A       22%         3
 Tukima's Dance           Hex            17%        N/A       22%         3
 Vampiric Draining        Necr           17%        2d7       22%         3
 Ice Form                 Ice/Tmut       20%        N/A       38%         4
 Anguish                  Hex/Necr       8%         N/A       47%         4
 Enfeeble                 Hex            8%         N/A       100%        7


Dungeon Overview and Level Annotations

Branches:
Dungeon (7/15)             Temple (1/1) D:6

Altars:
Ashenzari
Cheibriados
Qazlal
Sif Muna
Uskayaw

Shops:
D:6 ((([:

Portals:
Abyss: D:1***


Innate Abilities, Weirdness & Mutations

You are a venomous arachnid creature.
You have poisonous fangs.
You are tiny and dextrous.
Your spellcasting is less reliable in this form.
Your armour is entirely melded.
You are incapable of wielding weapons or throwing items.
((You have very sharp teeth.))
Your uncanny sense of smell can sniff out nearby items.
Your experience applies equally to all skills.


Message History

You hear some strange, mumbled words.
Something tries to affect you, but you resist.
You hit the orc priest but do no damage.
The orc priest looks as sick as possible!
The orc priest is moderately wounded.
The orc priest completely misses you. Something barely misses you.
You hit the orc priest.
The orc priest looks as sick as possible!
The orc priest is severely wounded.
Your surroundings seem slightly different.
You kill the orc priest!
You hear some strange, mumbled words.
Something tries to affect you, but you resist.
Your transformation has ended.
Your +0 robe unmelds from your body.
Something hits you.
* * * LOW HITPOINT WARNING * * *
You are poisoned.
* * * LOW HITPOINT WARNING * * *
You feel very sick.
A magic dart appears from out of thin air!
The magic dart hits you!
* * * LOW HITPOINT WARNING * * *
You feel better.
Casting: Spider Form (dangerous; 6% risk of failure)
Confirm with . or Enter, or press ? or * to list all spells.
You turn into a venomous arachnid creature.
Your +0 robe melds into your body.
Something hits you but does no damage.
You are lethally poisoned!
You bite something!
* * * LOW HITPOINT WARNING * * *
You feel very sick. Something hits you.
* * * LOW HITPOINT WARNING * * *
You are more poisoned.
You miss something.
* * * LOW HITPOINT WARNING * * *
You feel very sick.
Reactivating autopickup.
You feel a bit more experienced.
You die...

#...........#######.........##...
...........)#....##......)..)....
............#.....#...#####......
............#...........# #......
............#...........# #######
...##...................#
#####...................###
#........................#
#..............s.........#
#..............##........#
#..............##...(#####
####.##....######....# #.#####.#
###### #.# #.# #.# #.# #(. .# ##


There were no monsters in sight!

Vanquished Creatures
  A two-headed ogre (D:6)
  Pikel (D:5)
  2 ice beasts (D:6)
  A sky beast (D:6)
  A necrophage (D:6)
  An ogre (D:5)
  A centaur (D:6)
  2 lemures (D:5)
  A phantom (D:6)
  A kobold brigand (D:6)
  2 scorpions (D:5)
  A wyvern zombie (D:7)
  A water moccasin skeleton (D:6)
  2 centaur zombies
  4 orc priests
  2 hounds (D:6)
  2 bullfrog skeletons
  A gnoll shaman (D:6)
  An iguana (D:5)
  4 orc wizards
  A hound skeleton (D:5)
  6 gnolls
  3 adders
  A white imp (D:7)
  2 ufetubi
  6 orcs
  4 endoplasms
  A giant cockroach (D:3)
  5 goblins
  7 hobgoblins
  3 jackals (D:1)
  2 quokkas (D:3)
  5 ball pythons
  5 bats
  3 frilled lizards (D:3)
  8 kobolds
  4 rats
98 creatures vanquished.

Vanquished Creatures (others)
  6 plants
6 creatures vanquished.

Grand Total: 104 creatures vanquished

Notes
Turn   | Place    | Note
-------+----------+-------------------------------------------
     0 | D:1      | Woods the Gnoll Transmuter began the quest for the Orb.
     0 | D:1      | Reached XP level 1. HP: 17/17 MP: 6/6
   170 | D:1      | Reached XP level 2. HP: 22/23 MP: 5/7
   736 | D:1      | Reached XP level 3. HP: 9/28 MP: 7/9
   948 | D:1      | Learned a level 2 spell: Wereblood
   952 | D:1      | Learned a level 3 spell: Spider Form
  1404 | D:2      | Reached skill level 5 in Spellcasting
  1842 | D:3      | Reached skill level 1 in Invocations
  2087 | D:3      | Found a faded altar of an unknown god.
  2220 | D:3      | Reached skill level 1 in Short Blades
  2220 | D:3      | Reached skill level 1 in Long Blades
  2220 | D:3      | Reached skill level 1 in Axes
  2220 | D:3      | Reached skill level 1 in Maces & Flails
  2220 | D:3      | Reached skill level 1 in Polearms
  2220 | D:3      | Reached skill level 1 in Staves
  2220 | D:3      | Reached skill level 1 in Slings
  2220 | D:3      | Reached skill level 1 in Bows
  2220 | D:3      | Reached skill level 1 in Crossbows
  2220 | D:3      | Reached skill level 1 in Throwing
  2220 | D:3      | Reached skill level 1 in Armour
  2220 | D:3      | Reached skill level 1 in Stealth
  2220 | D:3      | Reached skill level 1 in Shields
  2220 | D:3      | Reached skill level 1 in Evocations
  2601 | D:4      | Reached XP level 4. HP: 32/34 MP: 11/11
  3091 | D:4      | Reached skill level 1 in Conjurations
  3091 | D:4      | Reached skill level 1 in Hexes
  3091 | D:4      | Reached skill level 1 in Summonings
  3091 | D:4      | Reached skill level 1 in Necromancy
  3091 | D:4      | Reached skill level 1 in Translocations
  3091 | D:4      | Reached skill level 1 in Fire Magic
  3091 | D:4      | Reached skill level 1 in Ice Magic
  3091 | D:4      | Reached skill level 1 in Air Magic
  3091 | D:4      | Reached skill level 1 in Earth Magic
  3091 | D:4      | Reached skill level 1 in Poison Magic
  3314 | D:5      | Entered Level 5 of the Dungeon
  3418 | D:5      | Reached XP level 5. HP: 40/40 MP: 8/12
  3883 | D:5      | Reached XP level 6. HP: 35/47 MP: 11/13
  3985 | D:5      | Reached skill level 5 in Dodging
  4425 | D:5      | Noticed Pikel
  4473 | D:5      | Killed Pikel
  4474 | D:5      | Reached skill level 7 in Unarmed Combat
  4474 | D:5      | Reached XP level 7. HP: 32/53 MP: 9/15
  4474 | D:5      | Reached XP level 8. HP: 37/60 MP: 9/16
  4843 | D:6      | Found Plog's Antique Weapon Shop.
  5252 | D:6      | Found Pobeedag's Book Emporium.
  5364 | D:6      | Found Yvorghisa's Armour Boutique.
  5676 | D:6      | Found a staircase to the Ecumenical Temple.
  5799 | Temple   | Entered the Ecumenical Temple
  5809 | Temple   | Became a worshipper of Ashenzari the Shackled
  5844 | D:6      | Found Hoxt's Antique Weapon Emporium.
  5898 | D:6      | Found Ixtexked's Weapon Shop.
  5898 | D:6      | Noticed a two-headed ogre
  5929 | D:6      | Killed a two-headed ogre
  5930 | D:6      | Reached skill level 5 in Transmutations
  5930 | D:6      | Reached XP level 9. HP: 36/67 MP: 15/18
  6205 | D:6      | Reached skill level 5 in Fighting
  6839 | D:7      | HP: 1/68 [orc priest/divine providence (14)]
  6861 | D:7      | HP: 1/68 [poisoned by an orc wizard]
  6862 | D:7      | Succumbed to an orc wizard's poison

Illustrated notes

Levels and vault maps discovered:
D:1:      minmay_arrival_glassed_features, layout_basic
D:2:      layout_basic
D:3:      layout_loops_ring, ebering_ecumenical_altar_abandoned
D:4:      layout_gridville, minivault_27
D:5:      layout_loops_corners, uniq_pikel
D:6:      layout_cave_pools, minmay_temple_entry_enclosed_plants, serial_shops,
          nicolae_shop_overgrown_old_shop, shop,
          nicolae_shop_bloodbath_and_beyond, shop, shop
D:7:      layout_basic, serial_bayou, serial_bayou_pond_c, serial_bayou_shore_b,
          serial_bayou_pond_b, serial_bayou_pond_e
Temple:   regret_index_temple_sigil_plot

Skill      XL: |  1  2  3  4  5  6  7  8  9 |
---------------+----------------------------+-----
Spellcasting   | 5 6 |  6.7
Invocations    | 1 2 3 4 |  4.8
Short Blades   | 1 2 4 |  4.3
Long Blades    | 1 2 4 |  4.3
Axes           | 1 2 4 |  4.3
Maces & Flails | 1 2 4 |  4.3
Polearms       | 1 2 4 |  4.3
Staves         | 1 2 4 |  4.3
Slings         | 1 2 4 |  4.3
Bows           | 1 2 4 |  4.3
Crossbows      | 1 2 4 |  4.3
Throwing       | 1 2 4 |  4.3
Armour         | 1 2 4 |  4.3
Stealth        | 1 2 4 |  4.3
Shields        | 1 2 4 |  4.3
Evocations     | 1 2 4 |  4.3
Conjurations   | 1 2 3 |  3.6
Hexes          | 1 2 3 |  3.6
Summonings     | 1 2 3 |  3.6
Necromancy     | 1 2 3 |  3.6
Translocations | 1 2 3 |  3.6
Fire Magic     | 1 2 3 |  3.6
Ice Magic      | 1 2 3 |  3.6
Air Magic      | 1 2 3 |  3.6
Earth Magic    | 1 2 3 |  3.6
Poison Magic   | 1 2 3 |  3.6
Fighting       | 3 4 5 |  5.1
Transmutations | 4 5 |  5.3
Dodging        | 5 6 |  6.4
Unarmed Combat | 7 |  7.9

Action                   |  1- 3 |  4- 6 |  7- 9 || total
-------------------------+-------+-------+-------++-------
Melee: Unarmed           |    79 |    69 |   163 ||   311
       Kick              |    17 |     9 |       ||    26
       Bite              |     4 |     5 |       ||     9
       Punch             |     2 |     4 |       ||     6
       Headbutt          |     3 |    11 |       ||    14
 Cast: Beastly Appendage |    27 |    10 |       ||    37
       Spider Form       |       |     5 |    22 ||    27
       Wereblood         |       |       |     1 ||     1
 Abil: End Transformatio |       |     1 |     1 ||     2
  Use: Scroll            |       |     2 |     1 ||     3
       Potion            |       |     1 |     8 ||     9
 Stab: Sleeping          |     2 |     1 |       ||     3
Armor: Robe              |    12 |     4 |     3 ||    19
       Skin              |       |       |    11 ||    11
Dodge: Dodged            |    49 |    48 |   162 ||   259
